 Dungeon Crawl Stone Soup version 0.29-a0-1006-g0dd7720b37 (webtiles) character file.

Game seed: 9814762104050827781

372 ytrimaz the Chopper (level 7, -2/52 HPs)
             Began as a Formicid Fighter on Aug 7, 2022.
             Killed by nerve-wracking pain
             ... invoked by an orc priest
              (12 damage)
             ... on level 4 of the Dungeon.
             The game lasted 00:05:32 (3314 turns).

ytrimaz the Chopper (Formicid Fighter)              Turns: 3314, Time: 00:05:32

Health: -2/52      AC:  6    Str: 22    XL:     7   Next: 2%
Magic:  7/7        EV:  9    Int:  8    God:
Gold:   238        SH:  5    Dex: 13    Spells: 6/6 levels left

rFire   . . .      SeeInvis +   a - +1 war axe
rCold   . . .      Faith    .   c - +0 buckler
rNeg    . . .      Spirit   .   b - +0 scale mail
rPois   .          Reflect  .   (helmet unavailable)
rElec   .          Harm     .   (no cloak)
rCorr   .          Rampage  .   (no gloves)
Will    .....                   (no boots)
Stlth   ..........              (no amulet)
HPRegen 0.17/turn               j - ring of flight
MPRegen 0.10/turn               (no ring)

@: flying
A: permanent stasis, dig shafts and tunnels, antennae 3, four strong arms
a: Dig, Shaft Self


You were on level 4 of the Dungeon.
You visited 1 branch of the dungeon, and saw 4 of its levels.

You collected 238 gold pieces.

Inventory:

Hand Weapons
 a - a +1 war axe (weapon)
Armour
 b - a +0 scale mail (worn)
 c - a +0 buckler (worn)
 n - a +0 cloak
Jewellery
 j - a ring of flight (left hand)
Scrolls
 f - a scroll of summoning {unknown}
 g - 4 scrolls of identify
 h - 2 scrolls of immolation
 i - a scroll of blinking {unknown}
 l - a scroll of magic mapping {unknown}
 o - a scroll of fear
 q - a scroll of noise {unknown}
Potions
 d - a potion of might
 e - a potion of brilliance {unknown}
 k - 2 potions of berserk rage {unknown}
 m - 2 potions of heal wounds {unknown}
 p - a potion of resistance {unknown}


   Skills:
 - Level 3.2 Fighting
 + Level 6.9 Axes
 - Level 3.2 Armour
 - Level 4.0 Shields


You had 6 spell levels left.
You didn't know any spells.
Your spell library contained the following spells:

 Spells                   Type           Power      Damage    Failure   Level
 Apportation              Tloc           0%         N/A       80%         1
 Necrotise                Necr           0%         1d4       80%         1
 Summon Small Mammal      Summ           0%         N/A       80%         1


Dungeon Overview and Level Annotations

Branches:
Dungeon (4/15)             Temple (0/1) D:4

Altars:
Trog
Vehumet
Xom


Innate Abilities, Weirdness & Mutations

You cannot be hasted, slowed, berserked, paralysed or teleported.
You can dig through walls and to a lower floor.
You have a pair of large antennae on your head. (SInv)
Your four strong arms can wield two-handed weapons with a shield.


Message History

Items here: ( ))) ? †††.
You feel sick.
Unknown command.
You feel sick.
You feel sick.
An orc priest comes into view. It is wielding a +0 whip.
An orc priest is nearby!
You feel sick.
The orc priest shouts!
The orc priest calls down the wrath of Beogh upon you.
Pain shoots through your body!
You are too injured to fight recklessly!
You hit the orc priest.
The orc priest is moderately wounded.
You feel sick. You block the orc priest's attack.
You hit the orc priest.
The orc priest is heavily wounded.
You feel sick.
The orc priest invokes the aid of Beogh against you.
Beogh smites you!
* * * LOW HITPOINT WARNING * * *
You are too injured to fight recklessly!
Unknown command.
You barely miss the orc priest.
The orc priest is heavily wounded.
You feel sick.
You are no longer poisoned.
The orc priest hits you but does no damage.
You are too injured to fight recklessly!
You barely miss the orc priest.
The orc priest is heavily wounded.
The orc priest hits you with a +0 whip.
* * * LOW HITPOINT WARNING * * *
You are too injured to fight recklessly!
Unknown command.
You hit the orc priest.
The orc priest is severely wounded.
The orc priest invokes the aid of Beogh against you.
Pain shoots through your body!
You die...

# ### . # #.. .
#. #.# ##
#####.###.# #.
#.....o.#.# #.
#@#.######.##
#.
#...).......#
#.
#.#.#)####..###
#.
#.###.........#
#.
#.###.###.#.#.#
#. ...#.....#
#.###.
#.......##
#.#...
#.#####.#
#)#.## #.####.#
#.....


You could see an orc priest.

Vanquished Creatures
  An ogre (D:4)
  A phantom (D:4)
  A scorpion (D:4)
  An iguana (D:4)
  3 gnolls (D:2)
  4 adders
  A dart slug (D:2)
  10 orcs
  4 ball pythons
  5 endoplasms
  2 giant cockroaches
  2 goblins
  5 hobgoblins
  4 quokkas
  2 bats
  6 frilled lizards
  5 kobolds
  2 rats
59 creatures vanquished.

Notes
Turn   | Place    | Note
-------+----------+-------------------------------------------
     0 | D:1      | ytrimaz the Formicid Fighter began the quest for the Orb.
     0 | D:1      | Reached XP level 1. HP: 18/18 MP: 1/1
   176 | D:1      | Reached XP level 2. HP: 22/24 MP: 2/2
   494 | D:1      | Reached skill level 3 in Axes
   746 | D:1      | Found a faded altar of an unknown god.
  1361 | D:2      | Reached XP level 3. HP: 19/29 MP: 3/3
  1521 | D:2      | Found a shimmering altar of Xom.
  1743 | D:2      | Reached skill level 4 in Axes
  1743 | D:2      | Reached XP level 4. HP: 23/35 MP: 4/4
  2442 | D:3      | Reached XP level 5. HP: 35/41 MP: 5/5
  2523 | D:3      | Found a bloodstained altar of Trog.
  2523 | D:3      | Found a radiant altar of Vehumet.
  2702 | D:3      | Reached skill level 5 in Axes
  3224 | D:4      | Noticed an ogre
  3230 | D:4      | Killed an ogre
  3231 | D:4      | Reached XP level 6. HP: 47/47 MP: 6/6
  3264 | D:4      | Reached skill level 6 in Axes
  3267 | D:4      | Found a staircase to the Ecumenical Temple.
  3305 | D:4      | Reached XP level 7. HP: 36/52 MP: 7/7
  3314 | D:4      | Killed from afar by an orc priest

Illustrated notes

Levels and vault maps discovered:
D:1:      dpeg_arrival_shelter, layout_rooms,
          shapermc_ecumenical_altar_mp_ritualfount, minmay_tiny_reverse_x
D:2:      layout_loops_ring, basic_altar
D:3:      layout_loops_cross, jmf_multi_god_temple
D:4:      layout_loops_ring, tgw_kikubaaqudgha, minmay_temple_entry_mist

Skill      XL: |  1  2  3  4  5  6 |
---------------+-------------------+-----
Axes           | 3 4 5 6 |  6.9
Fighting       | |  3.2
Armour         | |  3.2
Shields        | |  4.0

Action                   |  1- 3 |  4- 6 |  7- 9 || total
-------------------------+-------+-------+-------++-------
Melee: War axe           |    71 |    72 |     5 ||   148
 Abil: Dig               |       |     3 |       ||     3
  Use: Scroll            |     7 |       |       ||     7
       Potion            |       |     1 |       ||     1
Armor: Scale mail        |    44 |    29 |     1 ||    74
Dodge: Dodged            |    26 |    42 |       ||    68
Block: Buckler           |    20 |    32 |     1 ||    53

Table legend: (Time is in decaauts)
 A = Elapsed time spent in this place.
 B = Non-inter-level travel time spent in this place.
 C = Inter-level travel time spent in this place.
 D = Time resting spent in this place.
 E = Time spent auto-exploring this place.
 F = Levels seen in this place.
 G = Mean time per level.
                   A        B        C        D        E       F      G
               +--------+--------+--------+--------+--------+-----+--------+
         Total |   3359 |   3292 |     67 |    375 |   2378 |   4 |  839.8 |
       Dungeon |   3359 |   3292 |     67 |    375 |   2378 |   4 |  839.8 |
               +--------+--------+--------+--------+--------+-----+--------+

Top non-repeatable levels by time:
     D:2: 1207 daAuts
     D:1: 1191 daAuts
     D:3: 801 daAuts
     D:4: 158 daAuts
